Map: Eternal Empire LE

Players

Maverick - Winner!

  • Race: Zerg Zerg
  • Spawn Location: 1:00

xSaintApocx

  • Race: Terran Terran
  • Spawn Location: 7:00

VOD

Have the link to the VOD?

Description

Time

  • Played on: Nov. 27, 2019, 12:31 a.m.
  • Length: 7:53
Show
View Real Time Build Order
Export as new Build Order

Maverick Zerg - Winner!

Build Orders: Hatch First 

Get SALT Encoding   

  12  0:03  Drone  
  13  0:12  Overlord  
  13  0:24  Drone  
  14  0:32  Drone x2  
  16  0:52  Hatchery  
  16  0:55  Drone  
  16  0:57  Drone  
  17  1:13  Drone  
  17  1:14  Drone  
  19  1:23  Spawning Pool  
  19  1:24  Extractor, Drone  
  18  1:29  Drone  
  19  1:40  Drone  
  20  1:51  Overlord  
  20  2:03  Drone  
  20  2:04  Drone  
  22  2:10  Queen x2  
  22  2:12  Drone  
  27  2:20  Zergling x2  
  28  2:25  Drone  
  29  2:32  Drone  
  29  2:33  Roach Warren  
  29  2:45  Drone  
  29  2:50  Hatchery, Drone  
  29  2:51  Drone  
  31  2:55  Drone  
  31  2:57  Zergling x2  
  33  3:01  Metabolic Boost  
  33  3:23  Drone x2  
  35  3:29  Zergling x2  
  36  3:41  Lair  
  36  3:58  Overlord  
  36  3:59  Overlord x2  
  36  4:09  Queen  
  38  4:10  Evolution Chamber  
  38  4:12  Evolution Chamber  
  38  4:13  Drone x2  
  38  4:14  Drone x4  
  38  4:17  Extractor  
  41  4:18  Roach  
  41  4:19  Drone x5  
  48  4:27  Queen  
  48  4:28  Drone  
  48  4:29  Drone  
  52  4:33  Extractor, Drone x4  
  52  4:34  Drone  
  52  4:37  Extractor  
  55  4:59  Drone x4  
  60  5:00  Drone x3  
  60  5:05  Drone x2  
  64  5:07  Zerg Missile Weapons Level 1  
  64  5:09  Zerg Ground Armor Level 1  
  64  5:23  Roach  
  64  5:25  Overlord x3  
  64  5:26  Overlord x2  
  66  5:29  Glial Reconstitution  
  66  5:41  Overlord  
  66  5:42  Infestation Pit  
  65  5:55  Roach  
  65  5:56  Roach x7  
  65  5:57  Roach x4  
  89  6:21  Roach  
  89  6:22  Roach x8  
  89  6:23  Roach  
  109  6:31  Roach x2  
  109  6:32  Overlord x2  
  113  6:44  Drone  
  114  6:49  Overlord  
  114  6:50  Overlord x5  
  114  7:09  Roach x7  
  114  7:10  Roach  
  130  7:32  Roach  
  130  7:33  Roach x8  
Show
View Real Time Build Order
Export as new Build Order

xSaintApocx Terran 

Build Orders:  

Get SALT Encoding   

  12  0:01  SCV  
  13  0:13  SCV  
  14  0:25  SCV  
  15  0:29  Supply Depot  
  15  0:33  Supply Depot  
  15  0:53  Barracks  
  15  0:55  SCV  
  16  1:07  SCV  
  17  1:20  SCV  
  18  1:26  Refinery  
  18  1:40  Orbital Command  
  18  1:50  Refinery  
  18  1:58  Marine  
  19  2:07  Engineering Bay  
  19  2:29  SCV  
  20  2:36  Command Center  
  20  2:40  Missile Turret  
  20  2:41  SCV  
  21  2:46  Missile Turret  
  21  2:53  SCV  
  22  3:03  Refinery x2  
  22  3:05  SCV  
  23  3:17  SCV  
  24  3:27  Missile Turret x2  
  24  3:39  Barracks Reactor  
  24  3:46  Barracks  
  24  3:49  Barracks  
  24  4:19  Planetary Fortress, Engineering Bay  
  24  4:38  Barracks Tech Lab x2  
  24  4:45  Factory  
  24  4:48  Terran Infantry Weapons Level 1  
  24  4:53  Terran Infantry Armor Level 1  
  24  5:00  SCV  
  24  5:03  SCV  
  26  5:15  SCV  
  26  5:16  SCV  
  28  5:27  SCV  
  28  5:28  SCV  
  30  5:49  Factory Tech Lab  
  30  5:50  Starport  
  30  6:00  Armory x2  
  30  6:07  SCV  
  31  6:19  SCV  
  32  6:31  SCV  
  33  6:43  SCV  
  34  6:47  Starport  
  34  6:49  Starport  
  34  6:55  SCV  
  35  7:08  SCV  
  36  7:09  Fusion Core  
  36  7:20  SCV  
  37  7:25  Factory Tech Lab  
  37  7:29  Barracks Reactor  
  37  7:31  Barracks Reactor  
  37  7:32  SCV  
  37  7:33  Supply Depot  
  37  7:35  Supply Depot  
  37  7:36  Supply Depot  
  38  7:38  Supply Depot  
Tags
 
Add a new tag
Caveats
  • Supply blocks, unpowered buildings, or Contaminate may cause inaccurate times.
  • Supply counts are checked every 10 seconds.